 Dungeon Crawl Stone Soup version 0.28-a0-32-g8dfe7f97f6 (webtiles) character file.

Game seed: 14852872851354465339

21 Spaninq the Skirmisher (level 3, -1/29 HPs)
             Began as a Formicid Abyssal Knight on July 27, 2021.
             Was a Follower of Lugonu.
             Succumbed to a kobold's poison
             ... on level 1 of the Dungeon.
             The game lasted 00:02:47 (557 turns).

Spaninq the Skirmisher (Formicid Abyssal Knight)     Turns: 557, Time: 00:02:47

Health: -1/29      AC:  6    Str: 17    XL:     3   Next: 2%
Magic:  4/4        EV:  9    Int: 11    God:    Lugonu [*.....]
Gold:   5          SH:  0    Dex: 10    Spells: 2/2 levels left

rFire   . . .      SeeInvis +   a - +1 hand axe
rCold   . . .      Faith    .   (no shield)
rNeg    . . .      Spirit   .   d - +0 scale mail
rPois   .          Reflect  .   (helmet unavailable)
rElec   .          Harm     .   (no cloak)
rCorr   .          Rampage  .   (no gloves)
Will    .....                   (no boots)
Stlth   ..........              (no amulet)
HPRegen 0.09/turn               (no ring)
MPRegen 0.09/turn               (no ring)

@: brilliant, lethally poisoned (-1 -> -31)
A: permanent stasis, dig shafts and tunnels, antennae 3, four strong arms
a: Dig, Shaft Self, Renounce Religion, Depart the Abyss


You were on level 1 of the Dungeon.
You worshipped Lugonu.
Lugonu was aware of your devotion.
You visited 1 branch of the dungeon, and saw 1 of its levels.
You visited the Abyss 1 time.

You collected 5 gold pieces.

Inventory:

Hand Weapons
 a - a +1 hand axe (weapon)
Armour
 d - a +0 scale mail (worn)
Potions
 b - a potion of mutation {unknown}
 e - a potion of berserk rage
 f - a potion of invisibility {unknown}


   Skills:
 + Level 3.5 Fighting
 * Level 2.5 Axes
 + Level 2.5 Armour
 - Level 0.8 Dodging
 + Level 2.5 Invocations


You had 2 spell levels left.
You didn't know any spells.
Your spell library was empty.

Dungeon Overview and Level Annotations

Branches:
Dungeon (1/15)

Altars:


Innate Abilities, Weirdness & Mutations

You cannot be hasted, slowed, berserked, paralysed or teleported.
You can dig through walls and to a lower floor.
You have a pair of large antennae on your head. (SInv)
Your four strong arms can wield two-handed weapons with a shield.


Message History

A kobold comes into view.
It is wielding a +0 short sword of venom.
The hobgoblin hits you but does no damage.
You hit the hobgoblin.
You kill the hobgoblin!
Lugonu accepts your kill.
You have reached level 3!
Your experience leads to an increase in your attributes!
Increase (S)trength, (I)ntelligence, or (D)exterity?
You feel stronger.
You hit the kobold.
The kobold is severely wounded.
The kobold hits you but does no damage.
You are poisoned.
You closely miss the kobold.
The kobold is severely wounded.
You feel sick. The kobold misses you.
You closely miss the kobold.
The kobold is severely wounded.
You feel sick. The kobold hits you but does no damage.
You are more poisoned.
You barely miss the kobold.
The kobold is severely wounded.
You feel very sick.
The kobold hits you with a +0 short sword of venom.
You are more poisoned.
You barely miss the kobold.
The kobold is severely wounded.
You feel very sick.
The kobold hits you with a +0 short sword of venom.
You are more poisoned.
The kobold hits you but does no damage.
You are more poisoned.
It was a potion of berserk rage.
Your stasis prevents you from going berserk.
* * * LOW HITPOINT WARNING * * *
You feel extremely sick. The kobold barely misses you.
It was a potion of brilliance.
You feel clever all of a sudden.
You die...

###........# .###.......#
....... #.###......#
..{.... ##.........
....... ##.....### ......
.#.##.## ..K.### ...# #
....... ..###
#########....... ....#
#.....@K........#######
....#
###+######..............#
....#.#
#........#..............#
##.##.#
#........#†###...)......#
##.##.# #........#.#
#..........# ##..#.#
#..........# #..........#
..#.#.#
###)####...###...†......#
..#.#.# #.#
#...........######
..#.#.# #.#
#...#######.######


You could see a kobold.

Vanquished Creatures
  4 ball pythons (D:1)
  5 bats (D:1)
  2 goblins (D:1)
  2 hobgoblins (D:1)
  2 jackals (D:1)
  A kobold (D:1)
  A quokka (D:1)
17 creatures vanquished.

Notes
Turn   | Place    | Note
-------+----------+-------------------------------------------
     0 | Abyss:1  | Spaninq the Formicid Abyssal Knight began the quest for the
                  | Orb.
     0 | Abyss:1  | Reached XP level 1. HP: 18/18 MP: 2/2
   102 | Abyss:1  | Noticed a dread lich
   109 | Abyss:1  | Noticed a wretched star
   115 | D:1      | Escaped the Abyss
   278 | D:1      | Reached XP level 2. HP: 23/24 MP: 3/3
   465 | D:1      | Reached * piety under Lugonu
   545 | D:1      | Reached XP level 3. HP: 29/29 MP: 4/4
   557 | D:1      | Succumbed to a kobold's poison

Illustrated notes

Levels and vault maps discovered:
D:1:      roderic_crossed_star, layout_basic

Action                   || total
-------------------------++-------
Melee: Hand axe          ||    54
Invok: Depart the Abyss  ||     1
  Use: Scroll            ||     1
       Potion            ||     2
Armor: Scale mail        ||    35
       Leather armour    ||     5
Dodge: Dodged            ||    44

Table legend: (Time is in decaauts)
 A = Elapsed time spent in this place.
 B = Non-inter-level travel time spent in this place.
 C = Inter-level travel time spent in this place.
 D = Time resting spent in this place.
 E = Time spent auto-exploring this place.
 F = Levels seen in this place.
 G = Mean time per level.
                   A        B        C        D        E       F      G
               +--------+--------+--------+--------+--------+-----+--------+
         Total |    567 |    567 |      0 |      0 |    334 |   2 |  283.5 |
       Dungeon |    452 |    452 |      0 |      0 |    261 |   1 |  452.0 |
         Abyss |    115 |    115 |      0 |      0 |     73 |   1 |  115.0 |
               +--------+--------+--------+--------+--------+-----+--------+

Top non-repeatable levels by time:
     D:1: 452 daAuts
 Abyss:1: 115 daAuts
